 Dungeon Crawl Stone Soup version 0.28-a0-723-g095bd1b44f (webtiles) character file.

Game seed: 12487132280652127589

86 Sabo the Chopper (level 4, -1/34 HPs)
             Began as a Demonspawn Gladiator on Oct 25, 2021.
             Killed from afar by Natasha (2 damage)
             ... with a magic dart
             ... on level 2 of the Dungeon.
             The game lasted 00:07:04 (2032 turns).

Sabo the Chopper (Demonspawn Gladiator)             Turns: 2032, Time: 00:07:07

Health: -1/34      AC: 10    Str: 15    XL:     4   Next: 27%
Magic:  4/4        EV:  9    Int: 10    God:
Gold:   66         SH:  0    Dex: 14    Spells: 3/3 levels left

rFire   . . .      SeeInvis .   a - +0 war axe
rCold   . . .      Faith    .   (no shield)
rNeg    . . .      Spirit   .   n - +0 chain mail
rPois   .          Reflect  .   c - +0 helmet
rElec   .          Harm     .   (no cloak)
rCorr   .          Rampage  .   (no gloves)
Will    .....                   g - +0 pair of boots
Stlth   ..........              (no amulet)
HPRegen 0.11/turn               (no ring)
MPRegen 0.09/turn               (no ring)

@: no status effects
A: repulsion field 1, weakness stinger 1
a: no special abilities


You were on level 2 of the Dungeon.
You visited 1 branch of the dungeon, and saw 2 of its levels.

You collected 66 gold pieces.

Inventory:

Hand Weapons
 a - a +0 war axe (weapon)
Missiles
 d - 2 throwing nets (quivered)
 h - 22 arrows
Armour
 c - a +0 helmet (worn)
 e - a +0 ring mail
 g - a +0 pair of boots (worn)
 n - a +0 chain mail (worn)
Scrolls
 f - 2 scrolls of teleportation {unknown}
 j - 3 scrolls of identify {unknown}
 k - a scroll of fog {unknown}
Potions
 b - a potion of resistance {unknown}
 i - a potion of might {unknown}
 l - 2 potions of curing {unknown}
 m - 2 potions of brilliance {unknown}


   Skills:
 + Level 2.3 Fighting
 + Level 3.7 Axes
 + Level 1.8 Throwing
 + Level 0.7 Armour
 + Level 3.4 Dodging


You had 3 spell levels left.
You didn't know any spells.
Your spell library was empty.

Dungeon Overview and Level Annotations

Branches:
Dungeon (2/15)

Altars:
The Shining One

Annotations:
D:2 Jessica, Natasha


Innate Abilities, Weirdness & Mutations

You are surrounded by a mild repulsion field. (EV +2)
You have a small tail.


Message History

Jessica closely misses you.
You closely miss Jessica. Jessica barely misses you.
You hit Jessica. You tail-slap Jessica.
Jessica is severely wounded.
Jessica barely misses you.
You hit Jessica but do no damage.
Jessica is severely wounded.
Jessica gestures wildly while chanting.
Jessica blinks!
Natasha casts a spell at you. The magic dart hits you.
Throw: 3 throwing nets
Press: ? - help, Q - select action Shift-Dir - straight line, f - crimson imp
Aim: a crimson imp (translocational energy, summoned, 44% to hit)
You throw a throwing net.
The throwing net misses the crimson imp.
The throwing net hits Natasha.
Natasha is caught in the net!
Natasha struggles against the net.
The crimson imp hits you but does no damage.
You hit the crimson imp.
The crimson imp is moderately wounded.
Jessica shouts, "You're disturbing me!
I'll have to kill you!"
Natasha struggles against the net.
The crimson imp hits you but does no damage.
Natasha casts a spell.
Natasha struggles against the net.
You barely miss the crimson imp.
The crimson imp is moderately wounded.
The crimson imp blinks!
Jessica points at you and mumbles some strange words.
Pain shoots through your body!
* * * LOW HITPOINT WARNING * * *
The crimson imp blinks!
Jessica gestures wildly while chanting.
Jessica blinks!
The crimson imp lashes its tail.
The crimson imp hits you but does no damage.
Natasha casts a spell at you. The magic dart hits you.
You die...

..#####.# #.# .....##.#
#.......# #.# .....##.#
#..§....+ #.# .....##.#
#....... #.# ........# #......
#.# ........####...5. #.#
................# #.#
...............5########## #.#
..........>....h@..§.÷@..#.#.#
###.###.........########.#.#.#
# #.# #.........# #.......#.#
# #.. #.........####.###.###.#
# ......................# #
..........###.#####.### #
###'#####.# #.# #.# #. ..
#.#####.# #### #.......#


You could see Natasha (caught), 2 crimson imps and Jessica.

Vanquished Creatures
  Natasha (D:2)
  An adder (D:2)
  A worm (D:2)
  A dart slug (D:1)
  7 bats
  An endoplasm (D:1)
  3 giant cockroaches
  4 goblins (D:1)
  3 hobgoblins
  6 jackals
  A quokka (D:1)
  6 ball pythons
  2 frilled lizards (D:1)
  3 kobolds
  6 rats (D:1)
46 creatures vanquished.

Notes
Turn   | Place    | Note
-------+----------+-------------------------------------------
     0 | D:1      | Sabo the Demonspawn Gladiator began the quest for the Orb.
     0 | D:1      | Reached XP level 1. HP: 16/16 MP: 1/1
   370 | D:1      | Gained mutation: You are surrounded by a mild repulsion
                  | field. (EV +2) [demonic ancestry]
   370 | D:1      | Reached XP level 2. HP: 20/22 MP: 2/2
   607 | D:1      | Reached XP level 3. HP: 26/27 MP: 3/3
  1751 | D:2      | Noticed Natasha
  1760 | D:2      | Killed Natasha
  1761 | D:2      | Gained mutation: You have a small tail. [demonic ancestry]
  1761 | D:2      | Reached XP level 4. HP: 6/34 MP: 4/4
  2017 | D:2      | Noticed Jessica
  2017 | D:2      | Noticed Natasha
  2031 | D:2      | HP: 1/34 [Jessica/nerve-wracking pain (12)]
  2032 | D:2      | Killed from afar by Natasha

Illustrated notes

Levels and vault maps discovered:
D:1:      dpeg_arrival_tiny_h, layout_rooms, hangedman_decor_diamond_cutter,
          minmay_strange_pillars, st_stairs_13, minmay_three_crescents
D:2:      layout_basic, basic_altar, uniq_natasha, uniq_jessica

Skill      XL: |  1  2 |
---------------+-------+-----
Dodging        | 3 |  3.4
Axes           | 3 |  3.7
Fighting       | |  2.3
Throwing       | |  1.8
Armour         | |  0.7

Action                   |  1- 3 |  4- 6 || total
-------------------------+-------+-------++-------
Melee: War axe           |   131 |     6 ||   137
       Tailslap          |       |     1 ||     1
Throw: Throwing net      |       |     1 ||     1
Armor: Ring mail         |    74 |       ||    74
       Chain mail        |       |     3 ||     3
Dodge: Dodged            |   144 |     4 ||   148

Table legend: (Time is in decaauts)
 A = Elapsed time spent in this place.
 B = Non-inter-level travel time spent in this place.
 C = Inter-level travel time spent in this place.
 D = Time resting spent in this place.
 E = Time spent auto-exploring this place.
 F = Levels seen in this place.
 G = Mean time per level.
                   A        B        C        D        E       F      G
               +--------+--------+--------+--------+--------+-----+--------+
         Total |   2094 |   2094 |      0 |    764 |      0 |   2 | 1047.0 |
       Dungeon |   2094 |   2094 |      0 |    764 |      0 |   2 | 1047.0 |
               +--------+--------+--------+--------+--------+-----+--------+

Top non-repeatable levels by time:
     D:2: 1242 daAuts
     D:1: 852 daAuts
